 Dungeon Crawl Stone Soup version 0.26-a0-639-g72c4674 (webtiles) character file.

Game seed: 14745902501027632906

65 royokou the Conjurer (level 3, -1/19 HPs)
             Began as a Deep Elf Conjurer on Sept 18, 2020.
             Slain by an adder (3 damage)
             ... on level 1 of the Dungeon.
             The game lasted 00:06:26 (1763 turns).

royokou the Conjurer (Deep Elf Conjurer)            Turns: 1763, Time: 00:06:27

Health: -1/19      AC:  2    Str:  5    XL:     3   Next: 92%
Magic:  6/9        EV: 13    Int: 22    God:
Gold:   85         SH:  0    Dex: 13    Spells: 2/8 levels left

rFire    . . .     SeeInvis .   c - +0 dagger
rCold    . . .     Faith    .   (no shield)
rNeg     . . .     Spirit   .   h - +0 robe
rPois    .         Reflect  .   (no helmet)
rElec    .         Harm     .   (no cloak)
rCorr    .         Rampage  .   (no gloves)
MR       .....                  (no boots)
Stlth    ++........             (no amulet)
HPRegen  0.06/turn              (no ring)
MPRegen  0.11/turn              (no ring)

@: no status effects
A: no striking features
a: no special abilities


You were on level 1 of the Dungeon.
You visited 1 branch of the dungeon, and saw 2 of its levels.

You collected 85 gold pieces.

Inventory:

Hand Weapons
 c - a +0 dagger (weapon)
Armour
 a - a +0 robe
 g - a +0 tower shield
 h - a +0 robe (worn)
Scrolls
 e - a scroll of noise {unknown}
 i - a scroll of fog {unknown}
 j - a scroll of amnesia {unknown}
 k - a scroll of enchant armour {unknown}
 l - a scroll of teleportation {unknown}
Potions
 b - a potion of stabbing {unknown}
 d - a potion of brilliance {unknown}
 f - 3 potions of curing {unknown}
 m - a potion of cancellation {unknown}


   Skills:
 - Level 2.5 Dodging
 - Level 2.5 Stealth
 - Level 3.1 Spellcasting
 * Level 6.0 Conjurations


You had 2 spell levels left.
You knew the following spells:

 Your Spells              Type           Power        Failure   Level
a - Magic Dart            Conj           ####         1%          1
b - Searing Ray           Conj           ####..       1%          2
c - Dazzling Flash        Conj/Hex       ###...       11%         3

Your spell library contained the following spells:

 Spells                   Type           Power        Failure   Level
 Fulminant Prism          Conj/Hex       ###.......   34%         4
 Iskenderun's Mystic Bla  Conj/Tloc      ###.....     34%         4


Dungeon Overview and Level Annotations

Branches:
Dungeon (2/15)

Altars:


Message History

* * * LOW HITPOINT WARNING * * *
The adder misses you.
There is a stone staircase leading up here.
The adder barely misses you.
You climb upwards.
There is a stone staircase leading down, spattered with blood here.
You see here a +0 club.
The adder barely misses you.
You see here a +0 club.
Casting: Magic Dart (safe; 1% risk of failure)
Confirm with . or Enter, or press ? or * to list all spells.
The spell is extremely dangerous to cast (11% risk of failure)!
Continue anyway? [Y]es or [N]o only, please.
The spell is extremely dangerous to cast (11% risk of failure)!
Continue anyway?
The adder is dazzled.
The adder barely misses you. The adder bites you.
* * * LOW HITPOINT WARNING * * *
The adder barely misses you.
The adder is no longer blind.
The adder bites you.
You die...

.##..........#.######
.##.[........#.#
.##.........>#.#####
.....#...#.#)#.....#
.........#.#.#####.#
...........#.#####.#
..รท#####.###.....#.#
##.#.....# #####S#.#
#.#.##### #@#.# #.#.#
#.#.# #.#.#### #.#.#
#.#....## #...#
#.......# #####
######.## #.# #(# ###


You could see an adder.

Vanquished Creatures
  Robin (D:2)
  2 dart slugs
  A leopard gecko (D:1)
  9 goblins
  8 hobgoblins
  8 jackals
  2 kobolds
  A quokka (D:2)
  4 bats
  2 frilled lizards (D:2)
  3 rats
41 creatures vanquished.

Notes
Turn   | Place    | Note
-------+----------+-------------------------------------------
     0 | D:1      | royokou the Deep Elf Conjurer began the quest for the Orb.
     0 | D:1      | Reached XP level 1. HP: 10/10 MP: 6/6
   185 | D:1      | Reached XP level 2. HP: 15/15 MP: 6/8
   189 | D:1      | Learned a level 2 spell: Searing Ray
   348 | D:1      | Reached skill level 5 in Conjurations
   536 | D:1      | You fall into a shaft and drop 1 floor!
   711 | D:1      | Reached XP level 3. HP: 19/19 MP: 4/9
  1332 | D:2      | Learned a level 3 spell: Dazzling Flash
  1674 | D:2      | Noticed Robin
  1677 | D:2      | Killed Robin
  1680 | D:2      | Reached skill level 6 in Conjurations
  1763 | D:1      | Slain by an adder

Illustrated notes

Levels and vault maps discovered:
D:1:      dpeg_arrival_court, layout_basic
D:2:      layout_basic, lemuel_coloured_pillars_altar, guppyfry_early_lair_pool,
          uniq_robin, uniq_terence

Skill      XL: |  1  2  3 |
---------------+----------+-----
Conjurations   | 5 6 |  6.0
Dodging        | |  2.5
Stealth        | |  2.5
Spellcasting   | |  3.1

Action                   || total
-------------------------++-------
Melee: Dagger            ||     9
 Cast: Magic Dart        ||    48
       Searing Ray       ||     9
       Dazzling Flash    ||     1
Armor: Robe              ||     1
Dodge: Dodged            ||    21

Table legend: (Time is in decaauts)
 A = Elapsed time spent in this place.
 B = Non-inter-level travel time spent in this place.
 C = Inter-level travel time spent in this place.
 D = Time resting spent in this place.
 E = Time spent auto-exploring this place.
 F = Levels seen in this place.
 G = Mean time per level.
                   A        B        C        D        E       F      G
               +--------+--------+--------+--------+--------+-----+--------+
         Total |   1764 |   1740 |     24 |    345 |   1092 |   2 |  882.0 |
       Dungeon |   1764 |   1740 |     24 |    345 |   1092 |   2 |  882.0 |
               +--------+--------+--------+--------+--------+-----+--------+

Top non-repeatable levels by time:
     D:1: 1163 daAuts
     D:2: 601 daAuts
